 Dungeon Crawl Stone Soup version 5.6-49-g8abd877 (webtiles) character file.

1 rednecknazgul the Changer (level 5, 0/44 HPs) *CASUAL*
             Began as a Draconian Transmuter on Dec 23, 2018.
             Slain by a bat (1 damage)
             ... on level 3 of the Dungeon.
             The game lasted 00:02:42 (2397 turns).

rednecknazgul the Changer (Draconian Transmuter)    Turns: 2397, Time: 00:02:42

Health: 0/44       AC:  6 (0%)Str: 18   XL:     5   Next: 96%
Magic:  8/8        EV: 13    Int: 19    God:
Gold:   106        SH:  3    Dex: 11    Spells: 6/10 levels left

rFire    . . .     SeeInvis .     - Unarmed
rCold    . . .     Faith    .   (no shield)
rNeg     . . .     Spirit   .   (armour unavailable)
rPois    .         Reflect  +   c - +0 hat
rElec    .                      (no cloak)
rCorr    .                      a - +0 pair of gloves
MR       .....                  (no boots)
Stlth    +.........             d - +3 amulet of reflection
Regen    0.2/turn               (no ring)
MPRegen  0.2/turn               (no ring)

@: mighty, brilliant
A: unfitting armour, cold-blooded, AC +5
a: no special abilities


You were on level 3 of the Dungeon.
You were not hungry.

You visited 1 branch of the dungeon, and saw 3 of its levels.

You collected 106 gold pieces.

Inventory:

Armour
 a - a +0 pair of gloves (worn)
 c - a +0 hat (worn)
Jewellery
 d - a +3 amulet of reflection (around neck)
Scrolls
 e - a scroll of enchant weapon
 f - a scroll of teleportation
 g - a scroll of blinking
Potions
 b - 2 potions of flight
 h - a potion of augmentation


   Skills:
 + Level 2.8 Fighting
 + Level 3.3 Dodging
 + Level 4.2 Unarmed Combat
 * Level 4.4 Transmutations


You had 6 spell levels left.
You knew the following spells:

 Your Spells              Type           Power        Failure   Level  Hunger
a - Beastly Appendage     Tmut           34 (50)      1%          1    N/A
b - Spider Form           Tmut           34 (200)     1%          3    N/A

Your spell library contained the following spells:

 Spells                   Type           Power        Failure   Level  Hunger
 Blade Hands              Tmut           34 (200)     11%         5    N/A
 Ice Form                 Ice/Tmut       25 (100)     10%         4    N/A
 Passwall                 Tmut/Erth      25 (200)     1%          2    N/A

Dungeon Overview and Level Annotations

Branches:
Dungeon (3/15)

Altars:
Kikubaaqudgha
Lugonu
Nemelex Xobeh
Okawaru
Qazlal
Ru
Vehumet
Yredelemnul
Zin


Innate Abilities, Weirdness & Mutations

Your plain brown scales are hard. (AC +5)
Your body does not fit into most forms of armour.
You are cold-blooded and may be slowed by cold attacks.


Message History

You kill the orc!
You block the bat's attack. The hobgoblin barely misses you.
The orc priest invokes the aid of Beogh against you.
Beogh smites you (13)!
* * * LOW HITPOINT WARNING * * *
You punch the jelly (12)!
You kill the jelly!
The bat closely misses you. The kobold closely misses you.
The orc priest looks satisfied for a moment.
The hobgoblin barely misses you.
You punch the orc (8)!
You kill the orc!
The bat misses you. The kobold closely misses you.
The hobgoblin hits you with a +0 dagger (4).
* * * LOW HITPOINT WARNING * * *
The orc priest looks encouraged for a moment.
You barely miss the kobold. You block the bat's attack.
You closely miss the hobgoblin. Your punch misses the hobgoblin.
The bat hits you (1).
You die...

......#####.#>.## .$..
#.....o...#.#..# ....
...o...)......# ....
..J####...##.# #.. .$#
##o.# # .##...
#.####...#
......####.##..[#.......
#...b)##o...####......
#...K@)$o.### #.....
##.$g##...# .K...
#..........## ...##
###$!......# ..#
#........# .b #........#
#.[......# #........#


You could see an orc priest, an orc, a hobgoblin, a bat and a kobold.

Vanquished Creatures
  A jelly (D:3)
  2 adders
  2 dart slugs (D:2)
  4 orcs (D:3)
  3 quokkas
  2 giant cockroaches (D:1)
  9 goblins
  7 hobgoblins
  9 jackals
  2 ball pythons
  4 bats
  7 frilled lizards
  9 kobolds
  9 rats
70 creatures vanquished.

Notes
Turn   | Place    | Note
-------+----------+-------------------------------------------
     0 | D:1      | rednecknazgul the Draconian Transmuter began the quest for the Orb.
     0 | D:1      | Reached XP level 1. HP: 16/16 MP: 2/2
    38 | D:1      | Reached XP level 2. HP: 18/23 MP: 3/3
   484 | D:1      | Reached XP level 3. HP: 26/29 MP: 5/5
   489 | D:1      | Learned a level 3 spell: Spider Form
  1231 | D:2      | Reached XP level 4. HP: 36/36 MP: 7/7
  1677 | D:2      | Found a sparkling altar of Nemelex Xobeh.
  1680 | D:2      | Found a faded altar of an unknown god.
  1707 | D:2      | Found a corrupted altar of Lugonu.
  1707 | D:2      | Found an iron altar of Okawaru.
  1910 | D:2      | Reached XP level 5. HP: 34/41 MP: 8/8
  1966 | D:2      | Found an ancient bone altar of Kikubaaqudgha.
  1966 | D:2      | Found a radiant altar of Vehumet.
  1966 | D:2      | Found a stormy altar of Qazlal.
  1966 | D:2      | Found a basalt altar of Yredelemnul.
  1968 | D:2      | Found a sacrificial altar of Ru.
  1970 | D:2      | Found a glowing silver altar of Zin.
  2395 | D:3      | HP: 1/44 [hobgoblin/+0 dagger (4)]
  2397 | D:3      | Slain by a bat

Skill      XL: |  1  2  3  4  5 |
---------------+----------------+-----
Dodging        | 2 3 |  3.3
Fighting       | 2 |  2.8
Transmutations | 4 |  4.4
Unarmed Combat | 4 |  4.2

Action                   |  1- 3 |  4- 6 || total
-------------------------+-------+-------++-------
Melee: Unarmed           |   106 |   132 ||   238
       Tailslap          |     8 |    10 ||    18
  Use: Potion            |       |     1 ||     1
 Stab: Sleeping          |     2 |     2 ||     4
Armor: Skin              |    27 |    44 ||    71
Dodge: Dodged            |    70 |   103 ||   173
Block: Other             |       |    32 ||    32
